Map: Neon Violet Square LE

Players

SamuraiFunn

  • Race: Protoss Protoss
  • Spawn Location: 5:00

A.I. 1 (Very Hard) - Winner!

  • Race: Protoss Protoss
  • Spawn Location: 11:00

VOD

Have the link to the VOD?

Description

Time

  • Played on: Nov. 23, 2017, 2:31 p.m.
  • Length: 10:30
Show
View Real Time Build Order
Export as new Build Order

SamuraiFunn Protoss 

Build Orders:  

Get SALT Encoding   

  12  0:07  Probe (Chrono Boost)  
  13  0:19  Probe (Chrono Boost)  
  14  0:21  Pylon  
  14  0:23  Probe  
  15  0:39  Probe  
  16  0:44  Gateway  
  16  0:51  Probe  
  17  1:00  Assimilator  
  17  1:04  Probe (Chrono Boost)  
  19  1:15  Probe (Chrono Boost)  
  19  1:18  Probe  
  20  1:19  Gateway  
  20  1:30  Probe  
  21  1:33  Zealot  
  23  1:40  Cybernetics Core  
  23  1:47  Pylon  
  23  1:48  Assimilator  
  23  2:05  Probe  
  24  2:17  Probe  
  25  2:31  Nexus  
  25  2:41  Pylon  
  25  2:44  Probe  
  25  2:47  Warp Gate (Chrono Boost)  
  26  2:52  Adept  
  26  2:53  Adept  
  30  3:02  Probe  
  31  3:14  Probe  
  31  3:16  Twilight Council  
  32  3:21  Robotics Facility  
  32  3:27  Pylon  
  32  3:30  Probe  
  33  3:43  Probe  
  34  3:49  Probe  
  34  3:55  Probe  
  36  4:00  Assimilator  
  36  4:04  Assimilator  
  36  4:10  Gateway  
  36  4:12  Robotics Facility, Probe x2  
  38  4:21  Pylon  
  38  4:24  Probe x2  
  40  4:36  Probe  
  41  4:46  Robotics Bay  
  41  4:50  Probe x2  
  43  4:59  Gateway x2  
  43  5:02  Probe x2  
  45  5:11  Zealot x3  
  51  5:14  Charge (Chrono Boost)  
  51  5:21  Probe  
  51  5:22  Probe  
  53  5:54  Nexus  
  53  5:57  Pylon  
  53  5:59  Pylon  
  53  6:13  Colossus x2  
  53  6:17  Zealot x3  
  53  6:18  Zealot x2  
  75  6:21  Probe x2  
  77  6:33  Probe x2  
  79  6:45  Probe x2  
  81  6:47  Robotics Facility  
  81  6:50  Robotics Facility  
  81  6:52  Assimilator  
  81  6:58  Probe, Assimilator  
  81  6:59  Probe  
  83  7:03  Zealot  
  83  7:06  Zealot  
  83  7:07  Pylon  
  87  7:08  Zealot  
  87  7:11  Pylon  
  89  7:18  Pylon, Colossus  
  95  7:27  Pylon  
  95  7:31  Pylon  
  95  7:34  Probe x3  
  98  7:37  Zealot x2  
  102  7:51  Probe x3  
  105  7:54  Colossus  
  111  8:05  Extended Thermal Lance  
  111  8:10  Forge  
  111  8:14  Forge  
  111  8:16  Probe x3  
  111  8:19  Zealot x4  
  122  8:33  Colossus  
  128  8:36  Probe x2  
  128  8:37  Probe  
  131  8:55  Nexus  
  131  8:58  Pylon  
  131  9:00  Probe x3  
  131  9:01  Pylon  
  131  9:02  Zealot x3  
  140  9:25  Colossus x2  
  140  9:26  Colossus  
  156  9:43  Zealot x2  
  156  9:44  Zealot x2  
  140  9:46  Zealot  
  118  10:06  Zealot  
  96  10:07  Zealot x2  
  96  10:08  Zealot x2  
  100  10:23  Shield Battery  
Show
View Real Time Build Order
Export as new Build Order

A.I. 1 (Very Hard) Protoss - Winner!

Build Orders: Zealot Archon 

Get SALT Encoding   

  12  0:00  Probe  
  13  0:13  Probe  
  14  0:21  Pylon  
  14  0:25  Probe  
  15  0:39  Probe  
  16  0:47  Assimilator  
  16  0:51  Gateway, Probe  
  17  1:00  Pylon  
  17  1:04  Probe  
  18  1:16  Probe  
  19  1:28  Probe  
  22  1:40  Probe, Cybernetics Core, Zealot  
  23  1:52  Probe  
  24  2:04  Probe  
  24  2:08  Nexus  
  25  2:19  Gateway  
  25  2:27  Pylon  
  25  2:31  Zealot  
  25  2:34  Probe  
  28  2:37  Warp Gate  
  28  2:46  Probe, Assimilator  
  29  2:58  Probe  
  29  2:59  Adept  
  32  3:06  Adept  
  32  3:10  Probe  
  32  3:11  Pylon  
  35  3:23  Probe x2  
  35  3:26  Stalker  
  39  3:35  Probe x2  
  41  3:45  Robotics Facility  
  41  3:47  Probe  
  42  3:50  Adept  
  42  3:51  Probe  
  45  3:58  Adept  
  45  3:59  Probe  
  48  4:03  Probe  
  49  4:11  Probe  
  49  4:15  Probe  
  51  4:17  Adept  
  51  4:18  Pylon  
  51  4:23  Probe  
  54  4:27  Probe  
  55  4:33  Immortal  
  55  4:35  Probe  
  60  4:39  Pylon, Stalker  
  60  4:40  Probe  
  63  4:47  Probe  
  63  4:52  Probe, Stalker  
  67  4:58  Robotics Facility  
  67  4:59  Probe  
  68  5:03  Stalker  
  70  5:11  Probe  
  70  5:12  Probe, Immortal  
  76  5:16  Pylon  
  76  5:21  Pylon  
  76  5:24  Sentry  
  76  5:27  Twilight Council  
  78  5:36  Probe, Assimilator  
  78  5:42  Assimilator  
  79  5:47  Gateway  
  79  5:54  Zealot  
  81  5:58  Probe x2, Pylon  
  83  6:06  Zealot  
  83  6:08  Templar Archives  
  83  6:10  Probe x2  
  86  6:22  Probe  
  86  6:23  Probe  
  88  6:27  Pylon  
  88  6:32  Stalker  
  90  6:34  Forge  
  90  6:35  Pylon  
  90  6:36  Stalker  
  92  6:42  Stalker  
  94  6:49  Forge  
  94  6:55  Gateway, Stalker  
  94  6:59  High Templar  
  98  7:05  High Templar  
  100  7:09  Observer  
  100  7:12  Pylon  
  100  7:15  Photon Cannon, Nexus  
  101  7:17  Photon Cannon, Protoss Ground Weapons Level 1  
  101  7:18  Sentry, Archon  
  103  7:26  Pylon  
  103  7:31  High Templar  
  105  7:37  Stalker  
  107  7:44  High Templar  
  107  7:47  Photon Cannon  
  107  7:50  Stalker  
  111  7:57  Warp Prism  
  113  8:00  Archon, Stalker  
  113  8:04  Stalker  
  113  8:05  Pylon  
  116  8:13  Zealot  
  116  8:17  High Templar  
  120  8:23  Zealot  
  120  8:25  Pylon  
  120  8:26  Zealot  
  124  8:27  Probe x2  
  124  8:28  Probe  
  124  8:33  Zealot  
  124  8:34  Pylon  
  129  8:35  Assimilator  
  129  8:39  Probe  
  129  8:40  Probe x2, Assimilator  
  132  8:43  High Templar  
  132  8:47  Zealot  
  136  8:49  Zealot  
  136  8:51  Probe  
  136  8:52  Probe, Archon  
  136  8:53  High Templar  
  136  8:54  Probe  
  143  8:55  Photon Cannon  
  143  9:00  Pylon  
  143  9:03  Probe  
  143  9:04  Probe  
  143  9:06  Probe  
  143  9:07  High Templar  
  143  9:09  Zealot  
  150  9:15  Probe  
  150  9:16  Probe, Immortal, Zealot  
  158  9:18  Probe  
  158  9:23  Pylon  
  159  9:25  Zealot  
  159  9:26  Observer  
  159  9:28  Probe  
  159  9:29  Probe, Archon, Zealot  
  159  9:30  Probe  
  167  9:36  High Templar  
  165  9:39  Zealot  
  165  9:40  Probe  
  165  9:43  Pylon  
  148  9:45  High Templar  
  148  9:46  Warp Prism  
  148  9:49  Sentry  
  144  9:55  Observer  
  144  9:59  Sentry  
  133  10:01  Archon  
  133  10:05  Photon Cannon  
  129  10:07  Photon Cannon  
  129  10:08  High Templar  
  129  10:12  Adept  
  127  10:17  High Templar  
  125  10:22  Gateway, Stalker  
  125  10:26  Nexus  
Tags
 
Composition
Zealot Archon
Matchup
PvP
Replay Pack
First 100 games
Spawn Locations
Cross Positions
Add a new tag
Caveats
  • Supply blocks, unpowered buildings, or Contaminate may cause inaccurate times.
  • Supply counts are checked every 10 seconds.